[Event "Chinese League Div-A Rapid 2022"]
[Site "Fuling,Chongqing"]
[Date "2022.09.15"]
[Round "8.12"]
[White "Zhang, Pengxiang"]
[Black "Ding, Liren"]
[Result "0-1"]
[ECO "C90"]
[WhiteElo "2564"]
[BlackElo "2808"]
[Annotator "ChessBase"]
[PlyCount "86"]
[EventDate "2022.09.07"]
[EventType "team-tourn"]
[EventCountry "CHN"]
[SourceTitle "playchess.com"]
[Source "ChessBase"]
[SourceQuality "1"]
[TimeControl "1500+10"]

1. e4 e5 2. Nf3 Nc6 3. Bb5 a6 4. Ba4 Nf6 5. O-O Be7 6. Re1 b5 7. Bb3 O-O 8. d3 d6 9. c3 Na5 10. Bc2 c5 11. Nbd2 Nc6 12. Nf1 h6 13. Ne3 Re8 14. h3 Bf8 15. Bb3 Na5 16. Bc2 Nc6 17. Bb3 Rb8 18. Nh2 Na5 19. Bc2 d5 20. Nhg4 Nxg4 21. hxg4 d4 22. Nf5 g6 23. Nxh6+ Bxh6 24. Bxh6 g5 25. b4 Nc6 26. Bb3 Kh7 27. Bxf7 Kxh6 28. Bxe8 Qxe8 29. Rc1 dxc3 30. Rxc3 cxb4 31. Rc5 Bd7 32. Re3 Kg6 33. Rh3 Qe7 34. Rc1 Nd4 35. f3 Rf8 36. Qd2 b3 37. Kh1 Be6 38. a3 Rf7 39. Rh5 Qf6 40. Qb4 Nxf3 41. Rf1 Bxg4 42. Rh2 Qf4 43. Rh8 Kg7 0-1

[Event "Chinese League Div-A Rapid 2022"]
[Site "Fuling,Chongqing"]
[Date "2022.09.15"]
[Round "8.13"]
[White "Wan, Yunguo"]
[Black "Lu, Shanglei"]
[Result "0-1"]
[ECO "B90"]
[WhiteElo "2508"]
[BlackElo "2616"]
[Annotator "ChessBase"]
[PlyCount "94"]
[EventDate "2022.09.07"]
[EventType "team-tourn"]
[EventCountry "CHN"]
[SourceTitle "playchess.com"]
[Source "ChessBase"]
[SourceQuality "1"]
[TimeControl "1500+10"]

1. e4 c5 2. Nf3 d6 3. d4 cxd4 4. Nxd4 Nf6 5. Nc3 a6 6. Be3 e5 7. Nb3 Be6 8. h3 h5 9. Qf3 Nbd7 10. Rg1 Rc8 11. O-O-O Rxc3 12. bxc3 Qc7 13. Kb2 h4 14. Bd3 Be7 15. Qe2 Qc6 16. f3 Nh5 17. c4 Nb6 18. Bxb6 Qxb6 19. c5 dxc5 20. Bc4 O-O 21. Bd5 Nf4 22. Qc4 Bxd5 23. exd5 Qd6 24. a4 b5 25. axb5 axb5 26. Qxb5 c4 27. Qxc4 Qa3+ 28. Kb1 Ra8 29. Rge1 Bg5 30. Rd2 Nxg2 31. Ree2 Ne3 32. Qc3 Nf1 33. Qb2 Nxd2+ 34. Nxd2 Qa7 35. c3 Qa6 36. Nb3 Qd3+ 37. Qc2 Qxf3 38. Rxe5 Bf6 39. Rf5 Qxh3 40. d6 Bxc3 41. Rd5 Bf6 42. d7 Qe6 43. Qd3 Qe1+ 44. Qd1 Qe7 45. Qd3 h3 46. Rc5 Qe6 47. Rh5 Qe1+ 0-1

[Event "Chinese League Div-A Rapid 2022"]
[Site "Fuling,Chongqing"]
[Date "2022.09.15"]
[Round "8.14"]
[White "Qiu, Mengjie"]
[Black "Zhang, Lanlin"]
[Result "0-1"]
[ECO "B51"]
[WhiteElo "2149"]
[BlackElo "2135"]
[Annotator "ChessBase"]
[PlyCount "148"]
[EventDate "2022.09.07"]
[EventType "team-tourn"]
[EventCountry "CHN"]
[SourceTitle "playchess.com"]
[Source "ChessBase"]
[SourceQuality "1"]
[TimeControl "1500+10"]

1. e4 c5 2. Nf3 d6 3. Bb5+ Nd7 4. O-O a6 5. Bxd7+ Bxd7 6. c3 Nf6 7. Re1 c4 8. b3 cxb3 9. axb3 e6 10. d4 Be7 11. e5 dxe5 12. Nxe5 O-O 13. Ba3 Bxa3 14. Nxa3 Qc7 15. Rc1 Rad8 16. Nxd7 Qxd7 17. Nc4 b5 18. Ne5 Qd6 19. h3 h6 20. Qf3 Rc8 21. Red1 a5 22. Ra1 Qc7 23. c4 bxc4 24. bxc4 Nd7 25. Nxd7 Qxd7 26. c5 a4 27. Qc3 Qc6 28. Ra3 Rfd8 29. Rda1 e5 30. dxe5 Qxc5 31. Qxc5 Rxc5 32. e6 fxe6 33. Rxa4 Rf8 34. R4a2 Rf6 35. Re1 Rc6 36. Rae2 Ra6 37. g3 Rb6 38. Re5 Ra6 39. R1e2 Rb6 40. Kg2 Ra6 41. h4 Rb6 42. Ra2 Rf5 43. Re3 h5 44. Rae2 Kf7 45. Re5 Kf6 46. R5e4 Rfb5 47. Rf4+ Ke7 48. Rfe4 Rb4 49. Re5 R4b5 50. R5e4 Rb4 51. f3 Rxe4 52. Rxe4 Kf6 53. Rf4+ Ke7 54. Re4 Rb2+ 55. Kg1 Ra2 56. Rd4 e5 57. Rb4 Kf6 58. Re4 Kf5 59. g4+ hxg4 60. Rxg4 g6 61. Kf1 Rd2 62. Ke1 Rd4 63. Rg5+ Kf4 64. Rxg6 Kxf3 65. h5 Rh4 66. Rh6 e4 67. Rh8 Ke3 68. Kf1 Rh1+ 69. Kg2 Ra1 70. h6 Ra7 71. h7 Ke2 72. Kg3 e3 73. Kf4 Kf2 74. Kg4 Rf7 0-1

[Event "Chinese League Div-A Rapid 2022"]
[Site "Fuling,Chongqing"]
[Date "2022.09.15"]
[Round "8.15"]
[White "Bai, Xue"]
[Black "Yang, Yijing"]
[Result "1/2-1/2"]
[ECO "C11"]
[WhiteElo "2123"]
[BlackElo "2022"]
[Annotator "ChessBase"]
[PlyCount "71"]
[EventDate "2022.09.07"]
[EventType "team-tourn"]
[EventCountry "CHN"]
[SourceTitle "playchess.com"]
[Source "ChessBase"]
[SourceQuality "1"]
[TimeControl "1500+10"]

1. e4 e6 2. d4 d5 3. Nc3 Nf6 4. e5 Nfd7 5. f4 c5 6. Nf3 Nc6 7. Be3 a6 8. Qd2 b5 9. dxc5 Bxc5 10. Bd3 Qb6 11. Bf2 h6 12. O-O Bxf2+ 13. Qxf2 Qxf2+ 14. Kxf2 g5 15. g3 g4 16. Nd2 h5 17. Ne2 Ke7 18. c3 Nc5 19. Bc2 f6 20. exf6+ Kxf6 21. Rfe1 b4 22. Rac1 bxc3 23. bxc3 Rb8 24. Rb1 Bd7 25. Rxb8 Rxb8 26. Rb1 Rxb1 27. Bxb1 Ne7 28. Nb3 Nxb3 29. axb3 e5 30. fxe5+ Kxe5 31. Nf4 Be8 32. Ke3 a5 33. Bd3 Bf7 34. Bc2 Be8 35. Bd3 d4+ 36. cxd4+ 1/2-1/2

[Event "Chinese League Div-A Rapid 2022"]
[Site "Fuling,Chongqing"]
[Date "2022.09.15"]
[Round "8.16"]
[White "Bai, Jinshi"]
[Black "Xu, Jun"]
[Result "1-0"]
[ECO "A60"]
[WhiteElo "2586"]
[BlackElo "2474"]
[Annotator "ChessBase"]
[PlyCount "145"]
[EventDate "2022.09.07"]
[EventType "team-tourn"]
[EventCountry "CHN"]
[SourceTitle "playchess.com"]
[Source "ChessBase"]
[SourceQuality "1"]
[TimeControl "1500+10"]

1. d4 Nf6 2. c4 e6 3. g3 c5 4. d5 exd5 5. cxd5 b5 6. Nf3 g6 7. e4 Nxe4 8. Bxb5 Bg7 9. O-O O-O 10. Re1 Re8 11. Bd3 Nf6 12. Rxe8+ Qxe8 13. Nc3 d6 14. Bf4 Qd8 15. Qd2 Na6 16. Nb5 Nc7 17. Nxd6 Nfxd5 18. Nxf7 Qf6 19. Bxc7 Nxc7 20. N7g5 h6 21. Bc4+ Kh8 22. Nf7+ Kh7 23. N3e5 Bf5 24. Re1 Re8 25. g4 Be6 26. g5 Qe7 27. gxh6 Bf6 28. Bxe6 Nxe6 29. Nd6 Rd8 30. Nec4 Qd7 31. Ne4 Bd4 32. Nf6+ Bxf6 33. Qxd7+ Rxd7 34. Rxe6 Bd4 35. Kg2 Kxh6 36. Kg3 Kg5 37. f3 Kf5 38. Re4 g5 39. b3 Kf6 40. Re8 Kf5 41. Re4 Kf6 42. Kg4 Rh7 43. Kg3 Rd7 44. h3 Rd8 45. Re2 Rh8 46. Re4 Rd8 47. Na5 Rd6 48. Kg4 Ra6 49. b4 Bc3 50. a3 cxb4 51. axb4 Bxb4 52. Nc4 Re6 53. Rd4 a5 54. Rd5 a4 55. Rf5+ Ke7 56. Rb5 Bc3 57. Rb7+ Kf6 58. Ra7 Re1 59. Ra6+ Kg7 60. Kxg5 Rg1+ 61. Kf4 Ra1 62. Kf5 Bb4 63. Ra7+ Kf8 64. Kf6 Ke8 65. f4 a3 66. Kf5 a2 67. Ne5 Bc5 68. Ra8+ Ke7 69. h4 Kd6 70. h5 Kc7 71. h6 Rh1 72. Rxa2 Rxh6 73. Rc2 1-0

[Event "Chinese League Div-A Rapid 2022"]
[Site "Fuling,Chongqing"]
[Date "2022.09.15"]
[Round "8.17"]
[White "Xu, Zhihang"]
[Black "Chen, Qi b"]
[Result "1/2-1/2"]
[ECO "D45"]
[WhiteElo "2489"]
[BlackElo "2485"]
[Annotator "ChessBase"]
[PlyCount "37"]
[EventDate "2022.09.07"]
[EventType "team-tourn"]
[EventCountry "CHN"]
[SourceTitle "playchess.com"]
[Source "ChessBase"]
[SourceQuality "1"]
[TimeControl "1500+10"]

1. d4 Nf6 2. c4 e6 3. Nf3 d5 4. Nc3 c6 5. e3 Nbd7 6. Qc2 Bd6 7. Be2 O-O 8. O-O b6 9. b3 Bb7 10. Bb2 Qe7 11. e4 dxe4 12. Nxe4 Nxe4 13. Qxe4 Nf6 14. Qh4 Ba3 15. Bc3 Bb4 16. Bb2 Ba3 17. Bc3 Bb4 18. Bb2 Ba3 19. Bc3 1/2-1/2

[Event "Chinese League Div-A Rapid 2022"]
[Site "Fuling,Chongqing"]
[Date "2022.09.15"]
[Round "8.18"]
[White "Ma, Qun"]
[Black "Lin, Chen"]
[Result "1-0"]
[ECO "E71"]
[WhiteElo "2666"]
[BlackElo "2485"]
[Annotator "ChessBase"]
[PlyCount "77"]
[EventDate "2022.09.07"]
[EventType "team-tourn"]
[EventCountry "CHN"]
[SourceTitle "playchess.com"]
[Source "ChessBase"]
[SourceQuality "1"]
[TimeControl "1500+10"]

1. d4 Nf6 2. c4 g6 3. Nc3 Bg7 4. e4 O-O 5. h3 d6 6. Bg5 h6 7. Be3 c5 8. d5 e6 9. Nf3 exd5 10. cxd5 a6 11. a4 Re8 12. Nd2 Nxe4 13. Ncxe4 f5 14. Bd3 fxe4 15. Bxe4 Bf5 16. Bxf5 gxf5 17. O-O Nd7 18. Rb1 Qf6 19. Nf3 Ne5 20. b4 Nxf3+ 21. Qxf3 c4 22. b5 a5 23. Rbc1 c3 24. Rfd1 Re4 25. Rd3 Rc8 26. Qd1 Rec4 27. Qc2 Rb4 28. Qd1 Rcc4 29. Bb6 Rxa4 30. Rdxc3 Rxc3 31. Rxc3 Qxc3 32. Qxa4 Qe1+ 33. Kh2 Qe5+ 34. g3 Qxd5 35. Qxa5 Kh7 36. Be3 Qc4 37. Qb6 Be5 38. Qxb7+ Kg6 39. Qc6 1-0

[Event "Chinese League Div-A Rapid 2022"]
[Site "Fuling,Chongqing"]
[Date "2022.09.15"]
[Round "8.19"]
[White "Yuan, Ye"]
[Black "Hou, Yifan"]
[Result "0-1"]
[ECO "A40"]
[WhiteElo "2108"]
[BlackElo "2650"]
[Annotator "ChessBase"]
[PlyCount "106"]
[EventDate "2022.09.07"]
[EventType "team-tourn"]
[EventCountry "CHN"]
[SourceTitle "playchess.com"]
[Source "ChessBase"]
[SourceQuality "1"]
[TimeControl "1500+10"]

1. d4 e6 2. c4 b6 3. e4 Bb7 4. Bd3 Nc6 5. Nf3 Nb4 6. O-O Nxd3 7. Qxd3 d6 8. Nc3 Ne7 9. Bg5 h6 10. Be3 a6 11. b4 Ng6 12. Rab1 Be7 13. Nd2 O-O 14. f4 f5 15. d5 Bc8 16. exf5 Rxf5 17. dxe6 Bxe6 18. g4 Rf6 19. Nd5 Bxd5 20. Qxd5+ Kh8 21. Ne4 Rf8 22. Qh5 Nh4 23. Bd4 Kh7 24. Ng3 Qd7 25. Rbe1 Rae8 26. h3 Bf6 27. Bxf6 Rxe1 28. Bxh4 Rxf1+ 29. Nxf1 Rxf4 30. Qd5 b5 31. Ne3 bxc4 32. Bg3 c6 33. Qd1 Re4 34. Nxc4 d5 35. Ne5 Qa7+ 36. Bf2 Qc7 37. Nd3 Qf7 38. a3 Qg6 39. Nc5 Rc4 40. Qd2 h5 41. g5 Qf5 42. Qe3 Rf4 43. g6+ Qxg6+ 44. Kh2 Qf5 45. Bg3 Rf3 46. Qe2 h4 47. Bc7 Qxh3+ 48. Kg1 Qg4+ 49. Qg2 Qd4+ 50. Kh1 Rf2 51. Qg1 Qe3 52. Qb1+ Kh8 53. Qd1 Qh3+ 0-1

[Event "Chinese League Div-A Rapid 2022"]
[Site "Fuling,Chongqing"]
[Date "2022.09.15"]
[Round "8.20"]
[White "Guo, Qi"]
[Black "Yan, Tianqi"]
[Result "1-0"]
[ECO "D27"]
[WhiteElo "2406"]
[BlackElo "2188"]
[Annotator "ChessBase"]
[PlyCount "110"]
[EventDate "2022.09.07"]
[EventType "team-tourn"]
[EventCountry "CHN"]
[SourceTitle "playchess.com"]
[Source "ChessBase"]
[SourceQuality "1"]
[TimeControl "1500+10"]

1. d4 Nf6 2. c4 e6 3. Nf3 d5 4. Nc3 dxc4 5. e3 a6 6. Bxc4 b5 7. Bb3 Bb7 8. O-O c5 9. e4 cxd4 10. Nxd4 Nc6 11. Nxc6 Qxd1 12. Rxd1 Bxc6 13. f3 Bc5+ 14. Kf1 Ke7 15. Ne2 Rac8 16. Bf4 Rhd8 17. g4 Rxd1+ 18. Rxd1 a5 19. Rc1 Nd7 20. h4 a4 21. Bd1 f6 22. a3 e5 23. Bd2 Bd6 24. Nc3 Nc5 25. Be3 Nd3 26. Rb1 Bc5 27. Bxc5+ Nxc5 28. Be2 Nb3 29. Kf2 Rb8 30. Na2 Nd4 31. Nb4 Be8 32. Rc1 Kd6 33. Bd3 Bd7 34. Ke3 Rc8 35. Rg1 h6 36. f4 Ne6 37. f5 Nd4 38. g5 hxg5 39. hxg5 Rh8 40. gxf6 Rh3+ 41. Kf2 gxf6 42. Rg6 Rh2+ 43. Ke3 Rxb2 44. Rxf6+ Ke7 45. Nd5+ Ke8 46. Rh6 Bc6 47. Nf6+ Kf8 48. Ng4 Be8 49. Nxe5 Nc2+ 50. Bxc2 Rxc2 51. f6 Kg8 52. Kd4 b4 53. axb4 a3 54. Rh3 a2 55. Ra3 Bf7 1-0

[Event "Chinese League Div-A Rapid 2022"]
[Site "Fuling,Chongqing"]
[Date "2022.09.15"]
[Round "8.21"]
[White "Zeng, Chongsheng"]
[Black "Xu, Yinglun"]
[Result "1/2-1/2"]
[ECO "B96"]
[WhiteElo "2597"]
[BlackElo "2549"]
[Annotator "ChessBase"]
[PlyCount "57"]
[EventDate "2022.09.07"]
[EventType "team-tourn"]
[EventCountry "CHN"]
[SourceTitle "playchess.com"]
[Source "ChessBase"]
[SourceQuality "1"]
[TimeControl "1500+10"]

1. e4 c5 2. Nf3 d6 3. d4 cxd4 4. Nxd4 Nf6 5. Nc3 a6 6. Bg5 e6 7. f4 Nbd7 8. Qf3 Qc7 9. O-O-O b5 10. e5 Bb7 11. Qh3 dxe5 12. Nxe6 fxe6 13. Qxe6+ Be7 14. Bxf6 gxf6 15. Bxb5 axb5 16. Nxb5 Qc6 17. Nd6+ Kd8 18. Nxb7+ Qxb7 19. Rxd7+ Qxd7 20. Rd1 Qxd1+ 21. Kxd1 exf4 22. a4 Re8 23. a5 Kc7 24. Qb6+ Kd7 25. Qb7+ Ke6 26. Qe4+ Kd7 27. Qb7+ Ke6 28. Qe4+ Kd7 29. Qa4+ 1/2-1/2

[Event "Chinese League Div-A Rapid 2022"]
[Site "Fuling,Chongqing"]
[Date "2022.09.15"]
[Round "8.22"]
[White "Liu, Yan"]
[Black "Wen, Yang"]
[Result "1/2-1/2"]
[ECO "E05"]
[WhiteElo "2530"]
[BlackElo "2588"]
[Annotator "ChessBase"]
[PlyCount "54"]
[EventDate "2022.09.07"]
[EventType "team-tourn"]
[EventCountry "CHN"]
[SourceTitle "playchess.com"]
[Source "ChessBase"]
[SourceQuality "1"]
[TimeControl "1500+10"]

1. d4 Nf6 2. c4 e6 3. Nf3 d5 4. g3 Be7 5. Bg2 O-O 6. O-O dxc4 7. Qc2 a6 8. a4 Bd7 9. Qxc4 Bc6 10. Bg5 Nbd7 11. Nc3 h6 12. Bxf6 Nxf6 13. b4 Bd5 14. Nxd5 exd5 15. Qb3 c6 16. e3 Bd6 17. b5 axb5 18. axb5 Rxa1 19. Rxa1 Qb6 20. Rb1 c5 21. dxc5 Bxc5 22. Ra1 Rd8 23. h3 Ne4 24. Rd1 Nf6 25. Ra1 Ne4 26. Rd1 Nf6 27. Ra1 Ne4 1/2-1/2

[Event "Chinese League Div-A Rapid 2022"]
[Site "Fuling,Chongqing"]
[Date "2022.09.15"]
[Round "8.23"]
[White "Bu, Xiangzhi"]
[Black "Xue, Haowen"]
[Result "1/2-1/2"]
[ECO "A08"]
[WhiteElo "2709"]
[BlackElo "2128"]
[Annotator "ChessBase"]
[PlyCount "57"]
[EventDate "2022.09.07"]
[EventType "team-tourn"]
[EventCountry "CHN"]
[SourceTitle "playchess.com"]
[Source "ChessBase"]
[SourceQuality "1"]
[TimeControl "1500+10"]

1. Nf3 d5 2. g3 Nf6 3. Bg2 c5 4. O-O e6 5. d3 Nc6 6. e4 dxe4 7. dxe4 Qxd1 8. Rxd1 Nxe4 9. Na3 Bd7 10. Nc4 Rd8 11. Bf4 f6 12. Re1 b5 13. Na3 Nd6 14. Bxd6 Bxd6 15. Nxb5 Bb8 16. Rad1 Nb4 17. Na3 Kf7 18. c3 Nd5 19. Nd2 Nb6 20. Ne4 Rc8 21. Nc4 Ke7 22. Ncd6 Rc7 23. b4 cxb4 24. cxb4 Rc2 25. Bh3 Rxa2 26. Nc5 Bxd6 27. Bxe6 Bxe6 28. Rxe6+ Kf7 29. Rexd6 1/2-1/2

[Event "Chinese League Div-A Rapid 2022"]
[Site "Fuling,Chongqing"]
[Date "2022.09.15"]
[Round "8.24"]
[White "Song, Yuxin"]
[Black "Huang, Qian"]
[Result "1/2-1/2"]
[ECO "B08"]
[WhiteElo "2317"]
[BlackElo "2433"]
[Annotator "ChessBase"]
[PlyCount "70"]
[EventDate "2022.09.07"]
[EventType "team-tourn"]
[EventCountry "CHN"]
[SourceTitle "playchess.com"]
[Source "ChessBase"]
[SourceQuality "1"]
[TimeControl "1500+10"]

1. e4 g6 2. d4 Bg7 3. Nc3 d6 4. Nf3 Nf6 5. Be2 O-O 6. O-O Nc6 7. d5 Nb8 8. h3 c5 9. dxc6 Nxc6 10. Be3 Bd7 11. Qd2 a6 12. Rad1 Rc8 13. Nd4 Nxd4 14. Bxd4 Bc6 15. Qe3 Nd7 16. Bxg7 Kxg7 17. Qd4+ Kg8 18. Rfe1 Qb6 19. Qxb6 Nxb6 20. Rd2 Na4 21. Nxa4 Bxa4 22. c3 Rc5 23. Bd1 Bxd1 24. Rexd1 Rfc8 25. f3 h5 26. h4 Kg7 27. Kf2 Kf6 28. Ke3 Ke6 29. Rd5 Rc4 30. R1d4 Rxd4 31. Rxd4 Rc5 32. Kf4 Kf6 33. Ke3 Ke6 34. Kf4 Kf6 35. Ke3 Ke5 1/2-1/2

[Event "Chinese League Div-A Rapid 2022"]
[Site "Fuling,Chongqing"]
[Date "2022.09.15"]
[Round "8.25"]
[White "Li, Xueyi"]
[Black "Wang, Chuqiao"]
[Result "1/2-1/2"]
[ECO "D02"]
[WhiteElo "2280"]
[BlackElo "2037"]
[Annotator "ChessBase"]
[PlyCount "33"]
[EventDate "2022.09.07"]
[EventType "team-tourn"]
[EventCountry "CHN"]
[SourceTitle "playchess.com"]
[Source "ChessBase"]
[SourceQuality "1"]
[TimeControl "1500+10"]

1. d4 d5 2. c4 e6 3. Nf3 Nf6 4. g3 c5 5. cxd5 Nxd5 6. Bg2 cxd4 7. O-O Be7 8. Nxd4 O-O 9. e4 Nb4 10. a3 N4c6 11. Nc2 Qxd1 12. Rxd1 Nd7 13. Be3 Nde5 14. Nc3 Nc4 15. b3 Nxe3 16. Nxe3 Rb8 17. b4 1/2-1/2

[Event "Chinese League Div-A Rapid 2022"]
[Site "Fuling,Chongqing"]
[Date "2022.09.15"]
[Round "8.26"]
[White "Wang, Hao B"]
[Black "Li, Chao b"]
[Result "0-1"]
[ECO "D71"]
[WhiteElo "2165"]
[BlackElo "2679"]
[Annotator "ChessBase"]
[PlyCount "72"]
[EventDate "2022.09.07"]
[EventType "team-tourn"]
[EventCountry "CHN"]
[SourceTitle "playchess.com"]
[Source "ChessBase"]
[SourceQuality "1"]
[TimeControl "1500+10"]

1. d4 Nf6 2. c4 g6 3. Nf3 Bg7 4. g3 d5 5. cxd5 Nxd5 6. Bg2 Nb6 7. O-O Nc6 8. e3 e5 9. dxe5 Qxd1 10. Rxd1 Nxe5 11. Nxe5 Bxe5 12. Nc3 c6 13. f4 Bg7 14. e4 O-O 15. e5 f6 16. Re1 fxe5 17. fxe5 Nc4 18. e6 Re8 19. e7 Bf5 20. Nd5 Rac8 21. Bf4 Bd4+ 22. Kh1 cxd5 23. Bxd5+ Kg7 24. Bxb7 Rc5 25. Rad1 Be5 26. b4 Rc7 27. Rxe5 Rxb7 28. Rc5 Nb6 29. Bd6 Nc8 30. Be5+ Kf7 31. Rf1 Rxb4 32. Bc3 Re4 33. h3 h5 34. Rc7 R4xe7 35. Rxe7+ Rxe7 36. g4 Re3 0-1

[Event "Chinese League Div-A Rapid 2022"]
[Site "Fuling,Chongqing"]
[Date "2022.09.15"]
[Round "8.27"]
[White "Ma, Zhonghan"]
[Black "Zhang, Di"]
[Result "1/2-1/2"]
[ECO "D94"]
[WhiteElo "2485"]
[BlackElo "2108"]
[Annotator "ChessBase"]
[PlyCount "114"]
[EventDate "2022.09.07"]
[EventType "team-tourn"]
[EventCountry "CHN"]
[SourceTitle "playchess.com"]
[Source "ChessBase"]
[SourceQuality "1"]
[TimeControl "1500+10"]

1. Nf3 d5 2. d4 Nf6 3. c4 c6 4. e3 g6 5. Nc3 Bg7 6. Bd3 O-O 7. O-O dxc4 8. Bxc4 Bg4 9. Be2 Nbd7 10. e4 Bxf3 11. Bxf3 e5 12. Be3 exd4 13. Bxd4 Qc7 14. Qc2 Rfe8 15. Rad1 Rad8 16. g3 a6 17. Be2 Nf8 18. Be3 Rxd1 19. Rxd1 Qe7 20. f3 h5 21. Kg2 N6d7 22. Qd2 Be5 23. Bd3 Nf6 24. Bc2 a5 25. a3 b5 26. Bb6 a4 27. f4 Bxc3 28. Qxc3 Nxe4 29. Qxc6 Nf6 30. Bf2 Ng4 31. Re1 Ne6 32. Qxb5 Nxf2 33. Kxf2 Qa7+ 34. Kf1 Rb8 35. Qxa4 Qxa4 36. Bxa4 Rxb2 37. Re2 Rb1+ 38. Re1 Rb2 39. Re2 Rb1+ 40. Kf2 Ra1 41. Bb3 Rxa3 42. Bxe6 fxe6 43. Rxe6 Kf7 44. Re5 Ra2+ 45. Re2 Ra3 46. Kg2 Kf6 47. Rc2 Rb3 48. Kh3 Kg7 49. Kh4 Kh6 50. Rc6 Rb2 51. h3 Rb4 52. Rf6 Ra4 53. g4 Rxf4 54. Rxf4 g5+ 55. Kg3 gxf4+ 56. Kxf4 hxg4 57. hxg4 Kg6 1/2-1/2

[Event "Chinese League Div-A Rapid 2022"]
[Site "Fuling,Chongqing"]
[Date "2022.09.15"]
[Round "8.28"]
[White "Pang, Tao"]
[Black "Li, Haoyu"]
[Result "1/2-1/2"]
[ECO "B38"]
[WhiteElo "2427"]
[BlackElo "2369"]
[Annotator "ChessBase"]
[PlyCount "61"]
[EventDate "2022.09.07"]
[EventType "team-tourn"]
[EventCountry "CHN"]
[SourceTitle "playchess.com"]
[Source "ChessBase"]
[SourceQuality "1"]
[TimeControl "1500+10"]

1. Nf3 Nf6 2. c4 c5 3. Nc3 Nc6 4. d4 cxd4 5. Nxd4 g6 6. e4 Bg7 7. Be3 O-O 8. Be2 d6 9. O-O Nxd4 10. Bxd4 Be6 11. Rc1 Qa5 12. f3 Rfc8 13. Qa4 Qxa4 14. Nxa4 Nd7 15. Be3 Nb6 16. b3 Nxa4 17. bxa4 b6 18. Rc2 Bd7 19. a5 bxa5 20. Rb1 Rc7 21. c5 dxc5 22. Rxc5 Rxc5 23. Bxc5 Bf6 24. Ba6 Be6 25. a4 Rd8 26. Bxa7 Ra8 27. Rb8+ Rxb8 28. Bxb8 Bd4+ 29. Kf1 Bd7 30. Bc7 Bxa4 31. Bxa5 1/2-1/2

[Event "Chinese League Div-A Rapid 2022"]
[Site "Fuling,Chongqing"]
[Date "2022.09.15"]
[Round "8.29"]
[White "Wang, Yu A."]
[Black "Sun, Fanghui"]
[Result "1/2-1/2"]
[ECO "B81"]
[WhiteElo "2271"]
[BlackElo "2182"]
[Annotator "ChessBase"]
[PlyCount "61"]
[EventDate "2022.09.07"]
[EventType "team-tourn"]
[EventCountry "CHN"]
[SourceTitle "playchess.com"]
[Source "ChessBase"]
[SourceQuality "1"]
[TimeControl "1500+10"]

1. e4 c5 2. Nf3 d6 3. d4 cxd4 4. Nxd4 Nf6 5. Nc3 a6 6. h3 e6 7. g4 d5 8. exd5 Nxd5 9. Nde2 Bb4 10. Bg2 O-O 11. O-O Nxc3 12. Nxc3 Qc7 13. Qd4 Bd6 14. Na4 Nd7 15. Qc3 Rb8 16. Be3 b5 17. Qxc7 Bxc7 18. Nc5 Be5 19. Nxd7 Bxd7 20. Rad1 Rfd8 21. Ba7 Rbc8 22. Bb6 Bc7 23. Bxc7 Rxc7 24. Rd6 Kf8 25. Rfd1 Ke8 26. c3 a5 27. Rb6 Rdc8 28. Bf1 Rc5 29. Bg2 Bc6 30. Bxc6+ R8xc6 31. Rb8+ 1/2-1/2

[Event "Chinese League Div-A Rapid 2022"]
[Site "Fuling,Chongqing"]
[Date "2022.09.15"]
[Round "8.30"]
[White "Li, Ruofan"]
[Black "Shao, Qiyu"]
[Result "1-0"]
[ECO "D85"]
[WhiteElo "2302"]
[BlackElo "1467"]
[Annotator "ChessBase"]
[PlyCount "115"]
[EventDate "2022.09.07"]
[EventType "team-tourn"]
[EventCountry "CHN"]
[SourceTitle "playchess.com"]
[Source "ChessBase"]
[SourceQuality "1"]
[TimeControl "1500+10"]

1. d4 Nf6 2. c4 g6 3. Nc3 d5 4. cxd5 Nxd5 5. Bd2 Bg7 6. e4 Nxc3 7. Bxc3 O-O 8. Qd2 e5 9. dxe5 Qxd2+ 10. Kxd2 Bh6+ 11. Kc2 a6 12. g3 Nc6 13. Bc4 Rb8 14. f4 b5 15. Bd5 Ne7 16. Bb3 c5 17. a3 b4 18. axb4 cxb4 19. Bd4 Bb7 20. Re1 Rfd8 21. Ba7 Rbc8+ 22. Kb1 Nc6 23. Bb6 Nd4 24. Ba4 b3 25. Bxd8 Nc2 26. Nf3 Nxe1 27. Rxe1 Rxd8 28. Bxb3 Rd3 29. Bd1 Rxd1+ 30. Rxd1 Bxe4+ 31. Ka2 Bxf3 32. Rd8+ Bf8 33. b4 Be2 34. h4 Kg7 35. Kb3 Bb5 36. Rb8 h6 37. Rb7 Kg8 38. Ra7 Be2 39. Ka4 Bc4 40. Ka5 Kg7 41. Rc7 Bb5 42. e6 Bd6 43. Rxf7+ Kg8 44. g4 Be8 45. Ra7 Kf8 46. f5 Be7 47. Kxa6 Bxh4 48. Rh7 Bg5 49. b5 Kg8 50. Rc7 Bf4 51. Rc4 Be5 52. b6 gxf5 53. gxf5 Kg7 54. Rc8 Kf8 55. b7 Ke7 56. f6+ Kxf6 57. Rxe8 h5 58. Rh8 1-0

[Event "Chinese League Div-A Rapid 2022"]
[Site "Fuling,Chongqing"]
[Date "2022.09.16"]
[Round "9.1"]
[White "Ni, Hua"]
[Black "Pang, Tao"]
[Result "1-0"]
[ECO "C02"]
[WhiteElo "2668"]
[BlackElo "2427"]
[Annotator "ChessBase"]
[PlyCount "87"]
[EventDate "2022.09.07"]
[EventType "team-tourn"]
[EventCountry "CHN"]
[SourceTitle "playchess.com"]
[Source "ChessBase"]
[SourceQuality "1"]
[TimeControl "1500+10"]

1. e4 e6 2. d4 d5 3. e5 c5 4. c3 Bd7 5. Nf3 Nc6 6. Be2 Nge7 7. Na3 cxd4 8. cxd4 Nf5 9. Nc2 Nb4 10. O-O Nxc2 11. Qxc2 Rc8 12. Qb3 Qb6 13. Qxb6 axb6 14. Bd2 Be7 15. Bd3 O-O 16. Rfc1 h6 17. Kf1 Rc6 18. Rc3 Rxc3 19. Bxc3 Ra8 20. a3 Bf8 21. Ke2 Ne7 22. Bb4 Nc6 23. Bxf8 Kxf8 24. Ke3 Ke7 25. Rc1 Rc8 26. Rc3 Na5 27. Rxc8 Bxc8 28. b4 Nc6 29. b5 Na7 30. g4 Bd7 31. a4 g6 32. h4 Nc8 33. Nh2 Be8 34. f4 Kf8 35. f5 Ne7 36. f6 Nc8 37. Kf4 Kg8 38. Nf3 Kf8 39. h5 Kg8 40. hxg6 fxg6 41. g5 h5 42. Nh4 Kh7 43. Kg3 Bf7 44. Ng2 1-0